 Dungeon Crawl Stone Soup version 0.21.1-1-g345015f (webtiles) character file.

25 BoShek the Grave Robber (level 2, -16/19 HPs)
             Began as a Mummy Necromancer on Feb 16, 2018.
             Killed from afar by Sigmund (18 damage)
             ... with a puff of flame
             ... on level 2 of the Dungeon.
             The game lasted 00:05:59 (944 turns).

BoShek the Grave Robber (Mummy Necromancer)          Turns: 944, Time: 00:06:00

Health: -16/19     AC:  2    Str: 11    XL:     2   Next: 86%
Magic:  4/6        EV: 12    Int: 14    God:
Gold:   22         SH:  0    Dex: 12    Spells: 5/7 levels left

rFire    x . .     SeeInvis .   d - +0 dagger
rCold    + . .     Gourm    .   (no shield)
rNeg     + + +     Faith    .   a - +0 robe
rPois    ∞         Spirit   .   (no helmet)
rElec    .         Reflect  .   (no cloak)
rCorr    .         Harm     .   (no gloves)
MR       .....                  (no boots)
Stlth    +.........             (no amulet)
HPRegen  0.06/turn              (no ring)
MPRegen  0.10/turn              (no ring)

@: confused
A: no food or potions, fire vulnerability, cold resistance 1, negative energy
resistance 3, torment resistance, unbreathing
a: no special abilities


You were on level 2 of the Dungeon.
You were not hungry.

You visited 1 branch of the dungeon, and saw 2 of its levels.

You collected 22 gold pieces.

Inventory:

Hand Weapons
 d - a +0 dagger (weapon)
Armour
 a - a +0 robe (worn)
Jewellery
 e - an uncursed amulet of harm {unknown}
Scrolls
 c - a scroll of noise {unknown}
Books
 b - a book of Necromancy

   Spells                             Type                      Level
   a - Pain                           Necromancy                   1
   b - Animate Skeleton               Necromancy                   1
   c - Vampiric Draining              Necromancy                   3
   d - Regeneration                   Charms/Necromancy            3
   e - Animate Dead                   Necromancy                   4
   f - Borgnjor's Vile Clutch         Necromancy/Earth             5


   Skills:
 + Level 1.9 Dodging
 + Level 2.0 Stealth
 + Level 3.1 Spellcasting
 + Level 4.2 Necromancy


You had 5 spell levels left.
You knew the following spells:

 Your Spells              Type           Power        Failure   Level  Hunger
a - Pain                  Necr           ##..         3%          1    N/A
b - Animate Skeleton      Necr           N/A          3%          1    N/A

Dungeon Overview and Level Annotations

Branches:
Dungeon (2/15)

Altars:
Uskayaw

Annotations:
D:2 Sigmund


Innate Abilities, Weirdness & Mutations

You do not eat or drink.
Your flesh is vulnerable to fire.
You are immune to poison.
Your flesh is cold resistant. (rC+)
You are immune to negative energy. (rN+++)
You are immune to unholy pain and torment.
You can survive without breathing.


Message History

You are confused.
Sigmund mumbles some strange words.
Sigmund flickers and vanishes!
Deactivating autopickup; reactivate with Ctrl-A.
You bump into the rock wall.
You bump into the rock wall.
You hear some strange, mumbled words.
You are more confused.
You hear some strange, mumbled words.
A puff of flame appears from out of thin air!
The puff of flame hits your frilled lizard skeleton.
Your frilled lizard skeleton is destroyed!
Something hits you! Something hits you!
* * * LOW HITPOINT WARNING * * *
You hear some strange, mumbled words.
A puff of flame appears from out of thin air!
The puff of flame hits you! The fire burns you terribly!
Ouch! That really hurt!
You die...

###### #####
.######..@.#######...#
................##...###
....##.##.####........###
.#. ##..............!....
#.......##.[......._.
..........#####........
..#.......# #.%..####
..#?......>. ##.#.#(.. #)
#.$.....## #.#.#(..


There were no monsters in sight!

Vanquished Creatures
  An ooze (D:2)
  A leopard gecko (D:1)
  2 bats (D:1)
  4 giant cockroaches (D:1)
  A goblin (D:1)
  3 hobgoblins (D:1)
  3 kobolds (D:1)
  A ball python (D:1)
  A frilled lizard (D:2)
17 creatures vanquished.

Notes
Turn   | Place    | Note
-------+----------+-------------------------------------------
     0 | D:1      | BoShek the Mummy Necromancer began the quest for the Orb.
     0 | D:1      | Reached XP level 1. HP: 13/13 MP: 4/4
   253 | D:1      | Reached XP level 2. HP: 19/19 MP: 0/5
   259 | D:1      | Learned a level 1 spell: Animate Skeleton
   873 | D:2      | Noticed a dagger
   873 | D:2      | Noticed a hand axe
   881 | D:2      | Found a hide-covered altar of Uskayaw.
   924 | D:2      | Noticed Sigmund
   944 | D:2      | Killed from afar by Sigmund

Skill      XL: |  1  2 |
---------------+-------+-----
Spellcasting   | 3 |  3.1
Stealth        | 2 |  2.0
Dodging        | |  1.9
Necromancy     | |  4.2

Action                   || total
-------------------------++-------
Melee: Unarmed           ||     2
       Dagger            ||     7
 Cast: Pain              ||    35
       Animate Skeleton  ||     5
 Stab: Sleeping          ||     2
Armor: Robe              ||     4
Dodge: Dodged            ||    16
